 Seeded DCSS version 0.31.0-11-ge490571c62 (webtiles) character file.

Game seed: 2 (custom seed)

5206 Kazon the Sneak (level 10, -2/65 (66) HPs)
             Began as an Octopode Shapeshifter on Jan 25, 2024.
             Was an Elder of Okawaru.
             Slain by a death yak (19 damage)
             ... on level 9 of the Dungeon on Jan 26, 2024.
             The game lasted 00:29:28 (5309 turns).

Kazon the Sneak (Octopode Shapeshifter)             Turns: 5309, Time: 00:29:29

HP:   -2/65 (66)    AC:  5    Str: 14    XL:     10   Next: 60%
MP:   13/13         EV: 17    Int: 16    God:    Okawaru [****..]
Gold: 78            SH:  5    Dex: 21    Spells: 9/9 levels left

rFire   . . .        q - +1 flail of Prescription {flame, rN+ Will+ Int+3}
rCold   + . .        u - orb {mayhem}
rNeg    + . .        (helmet currently unavailable)
rPois   +            L - amulet of reflection
rElec   .            l - +4 ring of slaying
rCorr   +            S - +4 ring of protection
SInv    .            B - ring of poison resistance
Will    +....        C - +6 ring of dexterity
Stlth   +++++        I - ring of resist corrosion
HPRegen 0.30/turn    J - ring of protection from cold
MPRegen 0.13/turn    (no ring)
                     (no ring)

%: mayhem, reflection, clarity
@: beast-form, lightly drained
A: beast (slay +2), almost no armour, amphibious, 8 rings, camouflage 1,
gelatinous body 1, (nimble swimmer 1), tentacles, clarity
a: Begin Untransformation, Renounce Religion, Heroism, Finesse


You were on level 9 of the Dungeon.
You worshipped Okawaru.
Okawaru was greatly pleased with you.
You were a hulking beast.
You visited 2 branches of the dungeon, and saw 10 of its levels.
You also visited: Ossuary and Bailey.

You collected 490 gold pieces.
You spent 412 gold pieces at shops.

Inventory:

Hand Weapons
 d - a +2 dagger of venom
 q - the +1 flail of Prescription (weapon) {flame, rN+ Will+ Int+3}
   (You bought it in a shop on level 2 of the Dungeon)

   Int+3:     It affects your intelligence (+3).
   rN+:       It protects you from negative energy.
   Will+:     It increases your willpower.
 s - a +2 rapier of freezing
Missiles
 e - 36 stones (quivered)
 r - 10 poisoned darts
Armour
 c - a +0 buckler
 u - an orb of mayhem (worn)
 E - a +0 hat
Jewellery
 k - an amulet of guardian spirit
 l - a +4 ring of slaying (left tentacle)
 B - a ring of poison resistance (on tentacle)
 C - a +6 ring of dexterity (on tentacle)
 I - a ring of resist corrosion (on tentacle)
 J - a ring of protection from cold (on tentacle)
 L - an amulet of reflection (around mantle)
 S - a +4 ring of protection (right tentacle)
 T - a ring of protection from fire
Talismans
 b - a beast talisman
 y - a serpent talisman
 z - a flux talisman
Wands
 K - a wand of light (11)
 Q - a wand of mindburst (17)
 R - a wand of flame (15)
Scrolls
 f - 2 scrolls of immolation {unknown}
 g - a scroll of poison {unknown}
 i - 6 scrolls of identify
 m - 5 scrolls of teleportation {unknown}
 o - 2 scrolls of enchant armour {unknown}
 t - 4 scrolls of vulnerability {unknown}
 G - 3 scrolls of torment {unknown}
 M - 2 scrolls of fear {unknown}
 N - 2 scrolls of revelation {unknown}
 O - 2 scrolls of noise {unknown}
Potions
 a - 4 potions of lignification
 h - 2 potions of enlightenment {unknown}
 j - 2 potions of mutation
 n - 2 potions of might
 p - 3 potions of attraction {unknown}
 v - 2 potions of cancellation {unknown}
 w - 2 potions of curing {unknown}
 x - 2 potions of resistance {unknown}
 A - 2 potions of heal wounds
 D - 2 potions of ambrosia {unknown}
 F - a potion of berserk rage {unknown}
 H - 3 potions of haste {unknown}
Miscellaneous
 P - a lightning rod (4/4)


   Skills:
 * Level 5.4 Fighting
 + Level 6.3 Short Blades
 + Level 1.0 Maces & Flails
 + Level 5.8 Throwing
 * Level 5.7 Dodging
 + Level 7.8 Stealth
 * Level 4.5 Shields
 + Level 3.5 Unarmed Combat
 * Level 4.8 Invocations
 * Level 0.2 Evocations
 + Level 5.0 Shapeshifting


You had 9 spell levels left.
You didn't know any spells.
Your spell library contained the following spells:

 Spells                   Type           Power      Damage    Failure   Level
 Apportation              Tloc           0%         N/A       26%         1
 Jinxbite                 Hex            0%         N/A       36%         2
 Manifold Assault         Tloc           0%         N/A       94%         4
 Alistair's Intoxication  Alch           0%         N/A       100%        5
 Dispersal                Tloc           0%         N/A       100%        6
 Disjunction              Tloc           0%         N/A       100%        8


Dungeon Overview and Level Annotations

Branches:
Dungeon (9/15)             Temple (1/1) D:5         Ossuary (visited)
 Bailey (visited)
   Lair: D:8-11         Orc: D:9-12

Altars:
Ashenzari
Cheibriados
Dithmenos
Elyvilon
Fedhas
Gozag
Hepliaklqana
Makhleb
Nemelex Xobeh
Okawaru
Qazlal
Ru
Sif Muna
Trog
Uskayaw
Vehumet
Wu Jian
Xom
Yredelemnul
Zin
The Shining One

Shops:
D:2 (   D:3 (


Innate Abilities, Weirdness & Mutations

You are a hulking beast.
Your limbs bulge with bestial killing power. (Slay +2)
You cannot wear most types of armour.
You are amphibious.
You can wear up to eight rings at the same time.
Your skin changes colour to match your surroundings (Stealth+).
Your rubbery body absorbs attacks. (AC +1, EV +1)
((You are camouflaged when in or above water. (Stealth+)))
You have tentacles for arms and can constrict up to eight enemies at once.
You possess an exceptional clarity of mind.


Message History

The death yak is lightly wounded.
Unknown command.
Throw: 39 stones
Press: ? - help, Q - select action, (/) - cycle Shift-Dir - straight line, f/p - death yak
Aim: a death yak (lightly wounded, 84% to hit)
You throw a stone.
The stone hits the death yak but does no damage.
The death yak is lightly wounded.
Throw: 38 stones
Press: ? - help, Q - select action, (/) - cycle Shift-Dir - straight line, f/p - death yak
Aim: a death yak (lightly wounded, 84% to hit)
You throw a stone. The stone hits the death yak.
The death yak is moderately wounded.
Unknown command.
Throw: 37 stones
Press: ? - help, Q - select action, (/) - cycle Shift-Dir - straight line, f/p - death yak
Aim: a death yak (moderately wounded, 84% to hit)
You throw a stone.
The stone hits the death yak but does no damage.
The death yak is moderately wounded.
You hit the death yak. You burn the death yak.
The death yak is moderately wounded.
The death yak gores you!!
You thump the death yak! You burn the death yak.
The death yak is moderately wounded.
The death yak gores you.
You sock the death yak! You burn the death yak.
You squeeze the death yak, but do no damage.
The death yak is heavily wounded.
The death yak gores you!!
* * * LOW HITPOINT WARNING * * *
The death yak misses you.
You sock the death yak! You burn the death yak. You squeeze the death yak.
The death yak is severely wounded.
The death yak gores you.
* * * LOW HITPOINT WARNING * * *
You hit the death yak but do no damage.
The death yak is severely wounded.
The death yak gores you!!
You die...

+..#......
#..#......
#........
#.......#####
+.......#<..#
#.......#.###
#.......#.#
#######Y#.#
#h#.# #...#
#####


You could see a death yak.

Vanquished Creatures
  An orc knight (Bailey)
  2 deep elf pyromancers
  Jeremiah (D:7)
  A steam dragon (D:8)
  3 water moccasins (D:7)
  An ice beast (D:8)
  A sky beast (D:6)
  2 black bears
  3 orc warriors
  7 centaurs
  2 ogres
  A phantom (D:4)
  A gnoll sergeant (D:6)
  2 scorpions
  6 water moccasin zombies (Ossuary)
  3 wights (D:8)
  A burial acolyte (Ossuary)
  2 bombardier beetles
  A jelly (D:8)
  2 hounds
  2 iguanas
  5 orc wizards
  2 crocodile zombies (Ossuary)
  A bullfrog simulacrum (Ossuary)
  2 mummies (Ossuary)
  8 adders
  5 gnolls (D:6)
  A shadow imp (D:8)
  2 white imps
  2 ufetubi (D:6)
  4 adder zombies (Ossuary)
  3 dart slugs
  A ribbon worm (D:2)
  19 orcs
  3 ball pythons
  5 bats
  11 endoplasms
  2 giant cockroaches (D:3)
  10 gnoll zombies (Ossuary)
  12 goblins
  2 hobgoblins
  2 jackals (D:3)
  7 quokkas
  2 frilled lizards
  2 jackal zombies (Ossuary)
  2 kobolds
  4 orc zombies (Ossuary)
  4 rats
168 creatures vanquished.

Vanquished Creatures (collateral kills)
  4 orc warriors (Bailey)
  2 orcs (Bailey)
6 creatures vanquished.

Grand Total: 174 creatures vanquished

Notes
Turn   | Place    | Note
-------+----------+-------------------------------------------
     0 | D:1      | Kazon the Octopode Shapeshifter began the quest for the
                  | Orb.
     0 | D:1      | Reached XP level 1. HP: 13/13 MP: 1/1
    57 | D:1      | Reached XP level 2. HP: 15/18 MP: 2/2
   663 | D:2      | Found Weaqack's Weapon Shop.
   671 | D:2      | Reached XP level 3. HP: 23/23 MP: 3/3
   909 | D:2      | Reached XP level 4. HP: 29/29 MP: 4/4
  1154 | D:3      | Found Hivuethe's Antique Weapon Shoppe.
  1163 | D:3      | Upgraded the game from 0.31.0-10-gcf4a605ca0 to
                  | 0.31.0-11-ge490571c62
  1175 | D:3      | Noticed an ogre
  1187 | D:3      | Killed an ogre
  1188 | D:3      | Reached skill level 1 in Short Blades
  1188 | D:3      | Reached skill level 1 in Throwing
  1188 | D:3      | Reached skill level 1 in Stealth
  1188 | D:3      | Reached XP level 5. HP: 34/34 MP: 5/5
  1294 | D:3      | Reached skill level 2 in Stealth
  1345 | D:3      | Found a shimmering altar of Xom.
  1347 | D:3      | Found a shimmering altar of Xom.
  1359 | D:3      | Found a shimmering altar of Xom.
  1664 | D:4      | Noticed a phantom
  1673 | D:4      | Reached XP level 6. HP: 24/41 MP: 3/6
  1696 | D:4      | Found a sacrificial altar of Ru.
  1887 | D:5      | Entered Level 5 of the Dungeon
  1910 | D:5      | Reached skill level 3 in Stealth
  1911 | D:5      | Found a staircase to the Ecumenical Temple.
  1933 | D:5      | Reached XP level 7. HP: 41/45 MP: 5/7
  1977 | Temple   | Entered the Ecumenical Temple
  1984 | Temple   | Became a worshipper of Warmaster Okawaru
  2055 | D:5      | Found a sand-covered staircase.
  2065 | Ossuary  | Entered an ossuary
  2093 | Ossuary  | Reached skill level 1 in Shields
  2142 | Ossuary  | Reached skill level 1 in Invocations
  2153 | Ossuary  | Reached skill level 4 in Stealth
  2197 | Ossuary  | Reached * piety under Okawaru
  2207 | Ossuary  | Reached XP level 8. HP: 38/52 MP: 6/9
  2680 | D:5      | Reached skill level 5 in Stealth
  2932 | D:6      | Reached ** piety under Okawaru
  2970 | D:6      | Reached XP level 9. HP: 13/58 MP: 3/11
  2970 | D:6      | Gained mutation: You possess an exceptional clarity of
                  | mind. [potion of mutation]
  2996 | D:6      | Reached skill level 6 in Stealth
  3623 | D:7      | Reached *** piety under Okawaru
  3624 | D:7      | Reached skill level 5 in Short Blades
  3739 | D:7      | Found a flagged portal.
  3785 | Bailey   | Entered a bailey
  3839 | Bailey   | Noticed an orc knight
  3873 | Bailey   | Killed an orc knight
  3874 | Bailey   | Reached skill level 5 in Dodging
  3874 | Bailey   | Reached skill level 7 in Stealth
  3918 | Bailey   | Found a large runed translucent door.
  3918 | Bailey   | Found a large runed translucent door.
  3919 | Bailey   | Noticed a deep elf pyromancer
  3938 | Bailey   | Killed a deep elf pyromancer
  3938 | Bailey   | Reached **** piety under Okawaru
  3939 | Bailey   | Reached skill level 5 in Throwing
  3939 | Bailey   | Reached XP level 10. HP: 58/65 MP: 10/13
  3955 | Bailey   | Identified the +5 ring mail of the Moneychanger {Will+
                  | Str+2}
  4056 | D:7      | Noticed a deep elf pyromancer
  4063 | D:7      | Killed a deep elf pyromancer
  4064 | D:7      | Reached skill level 5 in Fighting
  4064 | D:7      | Reached skill level 5 in Shapeshifting
  4123 | D:7      | Noticed Jeremiah
  4212 | D:7      | Killed Jeremiah
  4649 | D:2      | Bought the +1 flail of Prescription {flame, rN+ Will+
                  | Int+3} for 412 gold pieces
  5124 | D:8      | Reached skill level 1 in Maces & Flails
  5296 | D:9      | Noticed a death yak
  5296 | D:9      | Noticed a death yak
  5309 | D:9      | Slain by a death yak

Illustrated notes

Levels and vault maps discovered:
D:1:      lightli_arrival_noodles, layout_loops_ring, skrybe_limestone_x
D:2:      layout_rooms, serial_shops, shop
D:3:      layout_basic, xom_redecorated, serial_shops, nicolae_shop_stone
D:4:      layout_rooms, mainiacjoe_overflow_six_doors_small,
          minmay_misc_feat_five
D:5:      layout_loops_ring, temple_pool_b, mainiacjoe_ossuary_entry_dusty_tomb
D:6:      layout_loops_ring, dk_noncrumbling_3
D:7:      layout_loops_cross, enter_bailey_5, guppyfry_early_elven_hall,
          uniq_jeremiah
D:8:      layout_basic
D:9:      cheibrodos_helix_gallery, layout_basic, lemuel_crystal_altar,
          dpeg_lair_monsters, orc_0_dummy, minivault_13
Temple:   hellmonk_temple_of_storms

Skill      XL: |  1  2  3  4  5  6  7  8  9 10 |
---------------+-------------------------------+-----
Fighting       | 2 3 4 5 |  5.4
Short Blades   | 1 2 3 4 5 6 |  6.3
Throwing       | 1 2 3 5 |  5.8
Stealth        | 1 2 3 4 5 7 |  7.8
Dodging        | 3 4 5 |  5.7
Shapeshifting  | 4 5 |  5.0
Shields        | 1 2 3 4 |  4.5
Invocations    | 1 2 4 |  4.8
Maces & Flails | 1 |  1.0
Unarmed Combat | |  3.5
Evocations     | |  0.2

Action                     |  1- 3 |  4- 6 |  7- 9 | 10-12 || total
---------------------------+-------+-------+-------+-------++-------
  Melee: Unarmed           |    12 |       |       |       ||    12
         Tentacles         |     9 |    13 |    49 |    12 ||    83
         Dagger            |    21 |    71 |   174 |    12 ||   278
         Constrict         |     9 |    13 |    47 |     7 ||    76
         Punch             |     1 |     2 |    11 |     3 ||    17
         Flail             |       |       |       |    31 ||    31
  Throw: Stone             |     1 |     2 |    18 |    11 ||    32
         Dart              |       |     9 |    20 |     5 ||    34
 Invoke: Heroism           |       |       |     1 |     1 ||     2
    Use: Potion            |     1 |       |     3 |       ||     4
         Scroll            |       |     1 |       |       ||     1
   Stab: Sleeping          |     6 |     7 |    16 |     5 ||    34
         Distracted        |       |       |     2 |       ||     2
 Armour: Skin              |     9 |    32 |    65 |    24 ||   130
  Dodge: Dodged            |    13 |    27 |    69 |    27 ||   136
  Block: Buckler           |       |     2 |    33 |     8 ||    43
         Other             |       |       |       |     2 ||     2
         Reflection        |       |       |       |     1 ||     1
